 Dungeon Crawl Stone Soup version 0.30.1-10-g1249ef9ec4 (webtiles) character file.

Game seed: 12467643721350309902

268 Cheops the Chiller (level 6, 0/53 HPs)
             Began as an Ogre Ice Elementalist on Oct 26, 2023.
             Killed from afar by an orc wizard (8 damage)
             ... with a magic dart
             ... on level 4 of the Dungeon.
             The game lasted 00:10:31 (4058 turns).

Cheops the Chiller (Ogre Ice Elementalist)          Turns: 4058, Time: 00:10:31

Health: 0/53       AC:  3    Str: 13    XL:     6   Next: 21%
Magic:  5/10       EV:  9    Int: 18    God:
Gold:   193        SH:  0    Dex:  9    Spells: 4/11 levels left

rFire   + . .        d - +0 mace
rCold   + . .        (no shield)
rNeg    . . .        j - +0 robe
rPois   .            (helmet restricted)
rElec   .            i - scarf {rC+ rF+}
rCorr   .            (gloves unavailable)
SInv    .            (boots unavailable)
Will    .....        (no amulet)
Stlth   +            (no ring)
HPRegen 0.28/turn    (no ring)
MPRegen 0.12/turn

%: no passive effects
@: freezing walls
A: large, unfitting armour, tough skin 1
a: no special abilities


You were on level 4 of the Dungeon.
You visited 2 branches of the dungeon, and saw 5 of its levels.

You collected 193 gold pieces.

Inventory:

Hand Weapons
 a - a +0 whip
 d - a +0 mace (weapon)
Armour
 i - a scarf of resistance (worn)
 j - a +0 robe (worn)
 o - an orb of wrath
Jewellery
 h - a ring of fire
Scrolls
 f - a scroll of amnesia
 m - a scroll of torment
 n - a scroll of fear
Potions
 b - a potion of magic
 c - a potion of invisibility {unknown}
 e - 2 potions of curing {unknown}
 g - a potion of ambrosia {unknown}
 k - 2 potions of heal wounds {unknown}
 l - a potion of flight


   Skills:
 - Level 3.0 Maces & Flails
 - Level 1.7 Dodging
 - Level 1.4 Stealth
 - Level 3.0 Spellcasting
 + Level 5.6 Ice Magic


You had 4 spell levels left.
You knew the following spells:

 Your Spells              Type           Power      Damage    Failure   Level
a - Freeze                Ice            88%        1d9       1%          1
r - Frozen Ramparts       Ice            44%        1d7       4%          3
A - Ozocubu's Armour      Ice            22%        N/A       4%          3

Your spell library contained the following spells:

 Spells                   Type           Power      Damage    Failure   Level
 Beastly Appendage        Tmut           4%         N/A       16%         1
 Sting                    Tmut/Pois      8%         1d3       16%         1
 Summon Ice Beast         Ice/Summ       12%        N/A       45%         4
 Animate Dead             Necr           2%         N/A       85%         4


Dungeon Overview and Level Annotations

Branches:
Dungeon (4/15)             Temple (1/1) D:4

Altars:
Ashenzari
Dithmenos
Elyvilon
Fedhas
Hepliaklqana
Kikubaaqudgha
Nemelex Xobeh
Okawaru
Ru
Trog
Uskayaw
Vehumet
Wu Jian
Xom
Yredelemnul
Zin
The Shining One

Shops:
D:1 (


Innate Abilities, Weirdness & Mutations

You are too large for most types of armour.
You have tough skin. (AC +1)


Message History

You can't see any susceptible monsters within range! (Use Z to cast anyway.) Unknown command.
Casting: Frozen Ramparts (dangerous; 5% risk of failure)
Confirm with . or Enter, or press ? or * to list all spells.
Casting: Frozen Ramparts (dangerous; 5% risk of failure)
Press: ? - help, Dir - look around, f - activate The walls around you are covered in ice.
The wall freezes something.
Something hits you.
* * * LOW HITPOINT WARNING * * *
The wall freezes something but does no damage.
Something hits you.
* * * LOW HITPOINT WARNING * * *
You barely miss something.
The wall freezes something.
Something hits you.
* * * LOW HITPOINT WARNING * * *
The wall freezes something.
You hear some strange, mumbled words.
A puff of flame appears from out of thin air!
The puff of flame hits you. You resist.
* * * LOW HITPOINT WARNING * * *
You miss something.
The wall freezes something but does no damage.
Something hits you.
* * * LOW HITPOINT WARNING * * *
The wall freezes something.
You hear some strange, mumbled words.
Something tries to affect you, but you resist.
The wall freezes something.
Reactivating autopickup.
You feel a bit more experienced.
The wall freezes something.
Something hits you.
* * * LOW HITPOINT WARNING * * *
Deactivating autopickup; reactivate with Ctrl-A.
You swing at nothing.
The wall freezes something but does no damage.
Something hits you but does no damage.
You barely miss something.
The wall freezes something.
You hear some strange, mumbled words.
A magic dart appears from out of thin air!
The magic dart hits you!
You die...

≈≈≈≈≈.>.≈≈≈≈≈≈........
≈≈≈≈≈...≈≈≈≈≈≈........
≈≈≈≈≈≈≈≈~~≈≈≈......... #..
..≈≈≈≈≈≈≈≈~.....#.#### .#(.
....≈≈≈≈≈......##...### ..#..
...............# ##...# .##..
####...........# ##.#####..##..
....##.#......#######.....#.# #..
###.##.#......#.@{))...>....# #..
#...##.#......#)#######...### #..
...###.###...........##...#####.o
..#.##.##.#...#......##....g..gg.
..##.....##...#......###..g.....#
..###...###...#......# #........#
..##.....###.##......# #........#
..#.##.##.##.##......# #........#
...###.# #...##......# #........#


There were no monsters in sight!

Vanquished Creatures
  A jelly (D:4)
  2 orc wizards (D:4)
  3 gnolls (D:4)
  5 adders
  A worm (D:4)
  10 dart slugs
  5 orcs (D:4)
  3 ball pythons
  8 endoplasms
  4 giant cockroaches
  11 goblins
  8 hobgoblins
  10 jackals (D:3)
  9 kobolds
  A quokka (D:2)
  3 bats
  4 frilled lizards
  4 rats
92 creatures vanquished.

Notes
Turn   | Place    | Note
-------+----------+-------------------------------------------
     0 | D:1      | Cheops the Ogre Ice Elementalist began the quest for the
                  | Orb.
     0 | D:1      | Reached XP level 1. HP: 16/16 MP: 3/3
   127 | D:1      | Reached XP level 2. HP: 24/24 MP: 0/5
   455 | D:1      | Found Qoarr's Weapon Emporium.
   539 | D:2      | Reached skill level 4 in Ice Magic
   666 | D:2      | Reached XP level 3. HP: 22/31 MP: 2/7
   670 | D:2      | Learned a level 3 spell: Frozen Ramparts
   674 | D:2      | Learned a level 3 spell: Ozocubu's Armour
  1293 | D:1      | Found a faded altar of an unknown god.
  1592 | D:2      | Reached XP level 4. HP: 35/39 MP: 3/8
  1975 | D:3      | Reached skill level 5 in Ice Magic
  2141 | D:3      | Reached skill level 1 in Maces & Flails
  2382 | D:3      | Reached XP level 5. HP: 45/45 MP: 5/9
  3590 | D:4      | Found a staircase to the Ecumenical Temple.
  3698 | Temple   | Entered the Ecumenical Temple
  3937 | D:4      | Got the Anthology of Undead Transformation
  4041 | D:4      | Reached XP level 6. HP: 26/53 MP: 6/10
  4058 | D:4      | Killed from afar by an orc wizard

Illustrated notes

Levels and vault maps discovered:
D:1:      dpeg_arrival_rhombus, layout_loops_ring,
          shapermc_ecumenical_altar_notcrosses, serial_shops,
          nicolae_shop_bloodbath_and_beyond,
          nicolae_concentric_dashed_squares_mild
D:2:      layout_rooms
D:3:      kennysheep_slugbush, layout_basic
D:4:      layout_basic, temple_pool_b, hex_intersection
Temple:   nicolae_temple_bog_church

Skill      XL: |  1  2  3  4  5 |
---------------+----------------+-----
Spellcasting   | 3 |  3.0
Ice Magic      | 4 5 |  5.6
Maces & Flails | 1 3 |  3.0
Dodging        | |  1.7
Stealth        | |  1.4

Action                     |  1- 3 |  4- 6 || total
---------------------------+-------+-------++-------
  Melee: Unarmed           |     4 |       ||     4
         Whip              |       |    31 ||    31
         Punch             |       |     2 ||     2
         Mace              |       |    11 ||    11
   Cast: Freeze            |    63 |    57 ||   120
         Frozen Ramparts   |       |    10 ||    10
    Use: Scroll            |       |     4 ||     4
 Armour: Robe              |    16 |    18 ||    34
  Dodge: Dodged            |    16 |    46 ||    62
